 Dungeon Crawl Stone Soup version 0.22-a0-48-g8770677 (webtiles) character file.

3931 shenanigans the Fighter (level 10, 0/82 HPs)
             Began as a Barachi Monk on Jan 7, 2018.
             Was a Priest of Cheibriados.
             Slain by a four-headed hydra (5 damage)
             ... on level 7 of the Dungeon.
             The game lasted 00:22:52 (11360 turns).

shenanigans the Fighter (Barachi Monk)             Turns: 11360, Time: 00:22:54

Health: 0/82       AC: 12    Str: 17 (19) XL:     10   Next: 21%
Magic:  13/13      EV: 12    Int: 19 (21) God:    Cheibriados [***...]
Gold:   375        SH:  0    Dex: 19 (22) Spells: 9/9 levels left

rFire    . . .     SeeInvis .   n - +2 whip (freeze)
rCold    . . .     Gourm    .   (no shield)
rNeg     . . .     Faith    .   q - +0 chain mail
rPois    +         Spirit   .   l - +0 helmet
rElec    .         Reflect  .   (no cloak)
rCorr    .         Harm     .   (no gloves)
MR       .....                  (no boots)
Stlth    +.........             (no amulet)
HPRegen  0.23/turn              f - ring of poison resistance
MPRegen  0.13/turn              o - ring of stealth

@: can't hop, very slow
A: +LOS, swims, slowness 1, strong legs 1
a: Hop, Bend Time, Temporal Distortion, Renounce Religion


You were on level 7 of the Dungeon.
You worshipped Cheibriados.
Cheibriados was most pleased with you.
You were not hungry.

You visited 2 branches of the dungeon, and saw 8 of its levels.

You collected 375 gold pieces.

Inventory:

Hand Weapons
 a - a +0 hand axe
 n - a +2 whip of freezing (weapon)
 s - a -1 trident
Missiles
 v - a javelin of returning (quivered)
Armour
 l - a +0 helmet (worn)
 q - a +0 chain mail (worn)
Jewellery
 f - a ring of poison resistance (left hand)
 o - a ring of stealth (right hand)
 p - an uncursed ring of protection from cold
 w - an uncursed ring of magical power
Wands
 b - a wand of enslavement (8)
 t - a wand of digging (9)
Scrolls
 d - a scroll of blinking {unknown}
 g - a scroll of immolation {unknown}
 h - a scroll of enchant weapon {unknown}
 i - a scroll of identify
 k - 2 scrolls of fear {unknown}
 m - a scroll of teleportation {unknown}
 r - 2 scrolls of random uselessness {unknown}
 x - 2 scrolls of fog {unknown}
 y - 2 scrolls of magic mapping {unknown}
Potions
 e - 4 potions of curing
 j - a potion of ambrosia
 z - a potion of berserk rage
 A - a potion of brilliance
Comestibles
 c - 17 rations


   Skills:
 + Level 8.7 Fighting
 + Level 7.9 Axes
 + Level 7.6 Armour
 + Level 7.9 Dodging
 - Level 4.1 Stealth
 - Level 4.1 Invocations


You had 9 spell levels left.
You didn't know any spells.

Dungeon Overview and Level Annotations

Branches:
Dungeon (7/15)             Temple (1/1) D:4

Altars:
Ashenzari
Cheibriados
Dithmenos
Elyvilon
Fedhas
Gozag
Hepliaklqana
Kikubaaqudgha
Makhleb
Nemelex Xobeh
Okawaru
Qazlal
Ru
Sif Muna
Trog
Uskayaw
Vehumet
Wu Jian
Xom
Yredelemnul
Zin
The Shining One

Shops:
D:4 [   D:5 ?


Innate Abilities, Weirdness & Mutations

Shadows flee at your approach. (+LOS)
You can swim through water.
You cover ground slowly.
You can hop short distances.


Message History

* * * LOW HITPOINT WARNING * * *
The four-headed hydra bites you!
* * * LOW HITPOINT WARNING * * *
Hop to where?
Press: ? - help, Dir - move target cursor Boing!
Throwing (i - inventory):
v - 2 javelins of returning (quivered)
Press: ? - help, Shift-Dir - straight line, f - four-headed hydra
Aim: a four-headed hydra (heavily wounded)
You throw a javelin of returning.
The javelin of returning hits the four-headed hydra but does no damage.
The four-headed hydra is heavily wounded.
The javelin of returning fails to return to your pack!
It was a potion of degeneration.
There was something very wrong with that liquid.
You feel weakened.
You feel dopey.
You feel clumsy.
The four-headed hydra barely misses you.
The four-headed hydra bites you but does no damage. x2
The four-headed hydra bites you.
You die...

#..................
#......############ # ##
#......# .# ..
###.##.##########.# .# ...
.# #.##.............
.##..... .###.##........###.
....... ..#.##........#
|..... #.#.##........#
###.###.####.#(D@†.......###
##...
#...................... #..#
#..###.####...####.##.## ..#
#..# #...# .# # #..#
##.###...# .# ##...
#..##...# # #.##
##.##...####.# ...
#..#........# #.#
##.#..#######


You could see a four-headed hydra.

Vanquished Creatures
  A two-headed ogre (D:7)
  Pikel (D:5)
  A manticore (D:7)
  Sigmund (D:5)
  4 hogs (D:7)
  A human (D:7)
  A water moccasin (D:7)
  An ice beast (D:5)
  A black bear (D:6)
  An ogre (D:5)
  2 bullfrogs
  2 wyvern zombies
  2 scorpions
  2 howler monkeys
  A crimson imp (D:5)
  A centaur zombie (D:7)
  3 hounds
  2 orc priests
  5 orc wizards
  An iguana (D:7)
  7 worker ants
  Robin (D:3)
  A worker ant zombie (D:6)
  7 adders
  4 gnolls
  2 oozes
  6 worms
  4 leopard geckos
  3 orcs
  2 ball pythons
  8 giant cockroaches
  12 goblins
  9 hobgoblins
  9 jackals
  3 quokkas
  9 bats
  4 frilled lizards
  2 kobolds (D:1)
  A leopard gecko skeleton (D:5)
  5 rats
133 creatures vanquished.

Vanquished Creatures (others)
  A jelly (D:5)
1 creature vanquished.

Grand Total: 134 creatures vanquished

Notes
Turn   | Place    | Note
-------+----------+-------------------------------------------
     0 | D:1      | shenanigans the Barachi Monk began the quest for the Orb.
     0 | D:1      | Reached XP level 1. HP: 18/18 MP: 1/1
   253 | D:1      | Reached XP level 2. HP: 20/25 MP: 2/2
   453 | D:1      | Reached skill level 1 in Armour
   889 | D:2      | Reached XP level 3. HP: 13/30 MP: 3/3
  1112 | D:2      | Reached skill level 4 in Fighting
  1137 | D:2      | Noticed Robin
  1194 | D:3      | Killed Robin
  1538 | D:2      | Reached XP level 4. HP: 21/37 MP: 4/4
  2834 | D:3      | Reached XP level 5. HP: 25/43 MP: 5/5
  3621 | D:3      | Reached XP level 6. HP: 29/50 MP: 6/6
  3985 | D:3      | Found a burning altar of Makhleb.
  3986 | D:3      | Found a radiant altar of Vehumet.
  4239 | D:4      | Found a hide-covered altar of Uskayaw.
  4243 | D:4      | Found a bloodstained altar of Trog.
  4243 | D:4      | Found a glowing silver altar of Zin.
  4244 | D:4      | Found a shimmering altar of Xom.
  4244 | D:4      | Found a deep blue altar of Sif Muna.
  4261 | D:4      | Reached skill level 5 in Fighting
  4263 | D:4      | Found a blossoming altar of Fedhas.
  4263 | D:4      | Found a snail-covered altar of Cheibriados.
  4264 | D:4      | Found an ornate altar of the Wu Jian Council.
  4275 | D:4      | Became a worshipper of Cheibriados the Contemplative
  4275 | D:4      | Reached * piety under Cheibriados
  4275 | D:4      | Reached ** piety under Cheibriados
  4542 | D:4      | Found a staircase to the Ecumenical Temple.
  4552 | Temple   | Entered the Ecumenical Temple
  4794 | D:4      | Found Goilegex's Antique Armour Emporium.
  5530 | D:5      | Entered Level 5 of the Dungeon
  5579 | D:5      | Reached XP level 7. HP: 43/56 MP: 7/7
  5588 | D:5      | Reached skill level 1 in Invocations
  5734 | D:5      | Found a sparkling altar of Nemelex Xobeh.
  5773 | D:5      | Noticed Sigmund
  5800 | D:5      | Killed Sigmund
  5800 | D:5      | Reached skill level 5 in Axes
  5800 | D:5      | Reached skill level 5 in Dodging
  6056 | D:5      | Reached XP level 8. HP: 41/64 MP: 9/9
  6415 | D:5      | Found an iron altar of Okawaru.
  6431 | D:5      | Reached skill level 6 in Fighting
  6842 | D:5      | Noticed Pikel
  6899 | D:5      | Killed Pikel
  6899 | D:5      | Reached skill level 5 in Armour
  6901 | D:5      | Found Pauvuciu's Magic Scroll Emporium.
  8020 | D:6      | Reached XP level 9. HP: 19/71 MP: 11/11
  8023 | D:6      | Reached skill level 7 in Fighting
  9841 | D:7      | Noticed a four-headed hydra
  9842 | D:7      | Noticed a manticore
  9842 | D:7      | Noticed a green ugly thing
  9842 | D:7      | Noticed a cyan ugly thing
 10672 | D:7      | Killed a manticore
 10705 | D:7      | Noticed a two-headed ogre
 10927 | D:7      | Killed a two-headed ogre
 10927 | D:7      | Reached *** piety under Cheibriados
 10927 | D:7      | Reached skill level 8 in Fighting
 10998 | D:7      | Reached XP level 10. HP: 43/81 MP: 13/13
 11357 | D:7      | HP: 4/82 [four-headed hydra (11)]
 11360 | D:7      | Slain by a four-headed hydra

Vault maps used:
D:1:      dpeg_arrival_triangle_fractal, hangedman_abyss_or_decor_lesser_grid,
          minmay_split_cup_large
D:2:      serial_bayou, serial_bayou_ford_a, serial_bayou_pond_b,
          serial_bayou_shore_a, serial_bayou_pond_c, uniq_robin
D:3:      grunt_temple_overflow_lords_of_destruction, first_ration
D:4:      grunt_temple_overflow_open, lemuel_temple_firewalk_b, serial_shops,
          shop, kennysheep_nub
D:5:      nemelex_xobeh_ov_fountains_minmay, serial_shops, shop,
          serial_bayou_pond_a, glass_columns_c, okawaru_gym_becter, uniq_pikel,
          uniq_sigmund
D:6:      centaur_isle
D:7:      minmay_the_grid_square_5x5_3x3, grunt_livestock, bloody_trog
Temple:   bh_familiar_temple

Skill      XL: |  1  2  3  4  5  6  7  8  9 |
---------------+----------------------------+-----
Stealth        | 2 3 4 |  4.1
Armour         | 1 2 3 4 5 7 |  7.6
Fighting       | 4 5 6 8 |  8.7
Dodging        | 4 5 6 7 |  7.9
Axes           | 4 5 6 7 |  7.9
Invocations    | 2 3 4 |  4.1

Action                   |  1- 3 |  4- 6 |  7- 9 | 10-12 || total
-------------------------+-------+-------+-------+-------++-------
Melee: Hand axe          |   134 |   328 |   461 |    54 ||   977
       Whip              |       |       |       |    12 ||    12
Throw: Javelin           |       |     4 |    10 |     1 ||    15
 Abil: Hop               |       |     1 |     2 |     2 ||     5
  Use: Scroll            |       |     6 |     3 |       ||     9
       Potion            |       |       |     9 |     1 ||    10
 Stab: Sleeping          |     2 |       |       |       ||     2
  Eat: Chunk             |     2 |     8 |     6 |     1 ||    17
       Ration            |       |     1 |     1 |       ||     2
Armor: Robe              |     3 |       |       |       ||     3
       Ring mail         |    55 |     6 |       |       ||    61
       Chain mail        |       |   186 |   245 |    34 ||   465
       Skin              |       |       |    31 |       ||    31
Dodge: Dodged            |   121 |   139 |   253 |    48 ||   561

Table legend:
 A = Spawn XP
 B = Non-spawn XP
 C = Spawn XP percentage of total XP
 D = Spawn monster count
 E = Non-spawn monster count
 F = Spawn count percentage of total count
 G = Total turns spent on level
                    A         B        C        D         E        F      G
               +---------+---------+-------+---------+---------+-------+---------
         Total |       0 |    5617 |   0.0 |       0 |     133 |   0.0 | 11360
               +---------+---------+-------+---------+---------+-------+---------
           D:1 |       0 |      31 |   0.0 |       0 |      17 |   0.0 |   787
           D:2 |       0 |      62 |   0.0 |       0 |      24 |   0.0 |  1331
           D:3 |       0 |     168 |   0.0 |       0 |      26 |   0.0 |  1983
           D:4 |       0 |     339 |   0.0 |       0 |      18 |   0.0 |  1257
           D:5 |       0 |    1441 |   0.0 |       0 |      17 |   0.0 |  2132
           D:6 |       0 |     710 |   0.0 |       0 |      14 |   0.0 |  2138
           D:7 |       0 |    2866 |   0.0 |       0 |      17 |   0.0 |  1560
               +---------+---------+-------+---------+---------+-------+---------
